 Dungeon Crawl Stone Soup version 0.30-a0-339-g89bb51ec76 (webtiles) character file.

Game seed: 8284126755195673537

1979 Muataran the Fighter (level 9, -10/101 HPs)
             Began as an Ogre Berserker on Oct 31, 2022.
             Was a Priest of Trog.
             Mangled by a gnoll
             ... wielding a +0 halberd
             ... led by a gnoll sergeant
              (12 damage)
             ... on level 7 of the Dungeon.
             The game lasted 00:09:13 (5343 turns).

Muataran the Fighter (Ogre Berserker)               Turns: 5343, Time: 00:09:14

Health: -10/101    AC:  3    Str: 27    XL:     9   Next: 20%
Magic:  9/9        EV:  6    Int:  8    God:    Trog [***...]
Gold:   420        SH:  0    Dex: 16    Spells: 8/8 levels left

rFire   . . .      SeeInvis +    k - +5 glaive of the Nexus {vorpal, *Noise rElec Dex+8 SInv}
rCold   . . .      Faith    .    (shield currently unavailable)
rNeg    . . .      Spirit   .    b - +0 animal skin
rPois   .          Reflect  .    (helmet restricted)
rElec   +          Harm     .    (no cloak)
rCorr   .          Rampage  .    (gloves unavailable)
Will    +....                    (boots unavailable)
Stlth   +.........               (no amulet)
HPRegen 0.36/turn                f - ring of willpower
MPRegen 0.11/turn                n - ring of see invisible

@: on berserk cooldown, held, slowed, very slow
A: large, unfitting armour, tough skin 1
a: Renounce Religion, Berserk, Trog's Hand


You were on level 7 of the Dungeon.
You worshipped Trog.
Trog was most pleased with you.
You visited 1 branch of the dungeon, and saw 7 of its levels.

You collected 420 gold pieces.

Inventory:

Hand Weapons
 a - a +0 mace
 k - the +5 glaive of the Nexus (weapon) {vorpal, *Noise rElec Dex+8 SInv}
   (You found it on level 2 of the Dungeon)

   It inflicts extra damage upon your enemies.
   Dex:       It affects your dexterity (+8).
   rElec:     It insulates you from electricity.
   SInv:      It lets you see invisible.
   *Noise:    It may make noises in combat.
 q - a +1 hand axe of venom
Missiles
 A - 3 javelins (quivered)
Armour
 b - a +0 animal skin (worn)
Jewellery
 f - a ring of willpower (left hand)
 i - an amulet of the acrobat
 n - a ring of see invisible (right hand)
 y - a ring of willpower
Wands
 d - a wand of polymorph (1)
 z - a wand of charming (7)
Scrolls
 c - a scroll of fear {unknown}
 e - 2 scrolls of butterflies
 o - a scroll of teleportation
 r - a scroll of amnesia {unknown}
 s - a scroll of acquirement {unknown}
 t - a scroll of immolation {unknown}
 v - a scroll of poison {unknown}
 B - a scroll of enchant armour {unknown}
 C - a scroll of vulnerability {unknown}
 D - 3 scrolls of identify
 E - a scroll of enchant weapon {unknown}
Potions
 g - 4 potions of mutation
 h - 3 potions of magic
 j - a potion of cancellation
 l - a potion of invisibility {unknown}
 m - 4 potions of curing
 p - 4 potions of brilliance
 u - 2 potions of degeneration
 w - a potion of attraction {unknown}
 x - 3 potions of might {unknown}
 F - 2 potions of resistance {unknown}


   Skills:
 * Level 9.9 Fighting
 * Level 6.9 Maces & Flails
 + Level 4.2 Polearms
 - Level 5.0 Dodging


You had 8 spell levels left.
You didn't know any spells.
Your spell library was empty.

Dungeon Overview and Level Annotations

Branches:
Dungeon (7/15)             Temple (0/1) D:5

Altars:
Hepliaklqana
Nemelex Xobeh
Vehumet


Innate Abilities, Weirdness & Mutations

You are too large for most types of armour.
You have tough skin. (AC +1)


Message History

You are held in a net!
You struggle against the net.
You struggle against the net.
You feel a strong urge to attack something.
The gnoll hits you from afar with a +0 spear.
The gnoll barely misses you.
The gnoll hits you from afar with a +0 halberd.
You struggle against the net.
The gnoll hits you but does no damage.
The gnoll hits you from afar with a +0 halberd.
The gnoll hits you from afar with a +0 halberd!
You rip the net and break free!
You feel your anger nearly subside.
You are no longer berserk.
You are exhausted.
You feel yourself slow down. The gnoll barely misses you.
The gnoll hits you from afar with a +0 spear.
The gnoll hits you from afar with a +0 halberd!
You are too injured to fight recklessly!
You are too injured to fight recklessly!
The gnoll throws a throwing net.
The throwing net hits you.
You become entangled in the net!
You see here a throwing net.
You struggle against the net.
The gnoll hits you from afar with a +0 spear.
The gnoll hits you from afar with a +0 halberd.
The gnoll closely misses you.
You struggle against the net.
The gnoll hits you from afar with a +0 spear!
* * * LOW HITPOINT WARNING * * *
The gnoll hits you from afar with a +0 halberd!
* * * LOW HITPOINT WARNING * * *
You struggle against the net.
The gnoll hits you from afar with a +0 spear.
* * * LOW HITPOINT WARNING * * *
The gnoll hits you from afar with a +0 halberd!
* * * LOW HITPOINT WARNING * * *
The gnoll barely misses you. x2
You struggle against the net.
The gnoll completely misses you.
The gnoll hits you from afar with a +0 halberd!
You die...

.........#.....#
#.#
.........#..####
#.# .........#..#
#.# #........#..#
#.# #........#..###
<.. .
##+###......... ..#
...###.###..##..###
.......g....##..#
......gg.@........
##.....###.##...###
#...)) .........
#..... ...##.....
#..... #... ...$
#..... ###. ..#
....... .. .
.#.##.. #.


You could see 3 gnolls.

Vanquished Creatures
  Sigmund (D:5)
  A wyvern (D:6)
  2 steam dragons
  Duvessa (D:5)
  A water moccasin (D:7)
  A black bear (D:5)
  A phantom (D:4)
  A kobold brigand (D:4)
  A bullfrog (D:6)
  Blork the orc (D:4)
  2 gnoll sergeants
  A scorpion (D:5)
  Dowan (D:5)
  2 hounds (D:6)
  2 orc priests
  Jessica (D:2)
  Ijyb (D:5)
  5 iguanas
  4 orc wizards (D:4)
  10 adders
  2 gnolls (D:7)
  2 white imps (D:7)
  A dart slug (D:4)
  16 orcs
  11 ball pythons
  6 bats
  9 endoplasms
  2 giant cockroaches (D:4)
  5 goblins
  15 hobgoblins
  3 jackals
  5 quokkas
  5 kobolds
  2 rats
124 creatures vanquished.

Notes
Turn   | Place    | Note
-------+----------+-------------------------------------------
     0 | D:1      | Muataran the Ogre Berserker began the quest for the Orb.
     0 | D:1      | Reached XP level 1. HP: 24/24 MP: 1/1
    51 | D:1      | Reached XP level 2. HP: 26/32 MP: 2/2
   419 | D:1      | Reached XP level 3. HP: 40/40 MP: 3/3
   527 | D:2      | Found a radiant altar of Vehumet.
   915 | D:2      | Reached ** piety under Trog
   934 | D:2      | Noticed Jessica
   938 | D:2      | Killed Jessica
   939 | D:2      | Reached skill level 5 in Fighting
   939 | D:2      | Reached XP level 4. HP: 50/50 MP: 4/4
  1103 | D:2      | Identified the +5 glaive of the Nexus {vorpal, *Noise rElec
                  | Dex+8 SInv}
  1189 | D:2      | Found a faded altar of an unknown god.
  1850 | D:4      | Reached XP level 5. HP: 57/57 MP: 5/5
  1937 | D:4      | Reached skill level 1 in Polearms
  2293 | D:4      | Reached skill level 6 in Fighting
  2293 | D:4      | Reached XP level 6. HP: 61/67 MP: 6/6
  2539 | D:4      | Noticed Blork the orc
  2546 | D:4      | Killed Blork the orc
  2546 | D:4      | Reached *** piety under Trog
  2547 | D:4      | Reached XP level 7. HP: 76/76 MP: 7/7
  2629 | D:4      | Reached skill level 7 in Fighting
  2642 | D:4      | Reached skill level 5 in Maces & Flails
  2742 | D:5      | Entered Level 5 of the Dungeon
  2805 | D:5      | Noticed Ijyb
  2811 | D:5      | Killed Ijyb
  2931 | D:5      | Noticed Sigmund
  2940 | D:5      | Killed Sigmund
  2941 | D:5      | Reached skill level 8 in Fighting
  2941 | D:5      | Reached XP level 8. HP: 88/88 MP: 8/8
  2984 | D:5      | Noticed Duvessa
  2984 | D:5      | Noticed Dowan
  3002 | D:5      | Killed Duvessa
  3008 | D:5      | HP: 4/88 [Dowan/+0 dagger (6)]
  3009 | D:5      | Killed Dowan
  3366 | D:5      | Found a hazy altar of Hepliaklqana.
  3494 | D:5      | Found a staircase to the Ecumenical Temple.
  4009 | D:6      | Noticed a wyvern
  4019 | D:6      | Killed a wyvern
  4020 | D:6      | Reached skill level 9 in Fighting
  4572 | D:6      | Found a sparkling altar of Nemelex Xobeh.
  4886 | D:7      | Reached skill level 5 in Dodging
  4886 | D:7      | Reached XP level 9. HP: 91/100 MP: 9/9
  5342 | D:7      | HP: 2/101 [gnoll/+0 halberd[a gnoll sergeant] (11)]
  5343 | D:7      | Mangled by a gnoll

Illustrated notes

Levels and vault maps discovered:
D:1:      tarquinn_simple_flora_water_e, layout_rooms
D:2:      layout_loops_ring, basic_altar, nicolae_ecumenical_lake_church,
          uniq_jessica
D:3:      layout_rooms, moated_statue
D:4:      minmay_clustersquares, layout_loops_cross, uniq_blork_the_orc
D:5:      layout_basic, mainiacjoe_overflow_boulevard,
          minmay_temple_entry_fiery, hangedman_decor_clover_reticule, uniq_ijyb,
          uniq_sigmund, uniq_duvessa
D:6:      layout_loops_corners, nicolae_overflow_crystal_walls
D:7:      layout_basic

Skill      XL: |  1  2  3  4  5  6  7  8 |
---------------+-------------------------+-----
Maces & Flails | 3 4 5 6 |  6.9
Dodging        | 3 4 5 |  5.0
Fighting       | 5 6 8 9 |  9.9
Polearms       | 1 2 4 |  4.2

Action                   |  1- 3 |  4- 6 |  7- 9 || total
-------------------------+-------+-------+-------++-------
Melee: Mace              |    76 |       |       ||    76
       Hand axe          |     5 |    12 |       ||    17
       Glaive            |       |    67 |   124 ||   191
Invok: Berserk           |     1 |     1 |     6 ||     8
       Trog's Hand       |       |       |     2 ||     2
  Use: Scroll            |       |       |     8 ||     8
 Stab: Sleeping          |       |     8 |     2 ||    10
Armor: Animal skin       |    29 |    13 |    17 ||    59
Dodge: Dodged            |    53 |    42 |    90 ||   185

Table legend: (Time is in decaauts)
 A = Elapsed time spent in this place.
 B = Non-inter-level travel time spent in this place.
 C = Inter-level travel time spent in this place.
 D = Time resting spent in this place.
 E = Time spent auto-exploring this place.
 F = Levels seen in this place.
 G = Mean time per level.
                   A        B        C        D        E       F      G
               +--------+--------+--------+--------+--------+-----+--------+
         Total |   5546 |   5400 |    146 |    986 |   3538 |   7 |  792.3 |
       Dungeon |   5546 |   5400 |    146 |    986 |   3538 |   7 |  792.3 |
               +--------+--------+--------+--------+--------+-----+--------+

Top non-repeatable levels by time:
     D:5: 1202 daAuts
     D:6: 1202 daAuts
     D:4: 962 daAuts
     D:2: 923 daAuts
     D:1: 526 daAuts
     D:3: 443 daAuts
     D:7: 285 daAuts
